 Dungeon Crawl Stone Soup version 0.25.1-2-g60ff931df9 (webtiles) character file.

Game seed: 13422440796645775317

12530 raphialitos the Cleaver (level 11, -2/95 HPs)
             Began as a Minotaur Fighter on Oct 8, 2020.
             Was a High Priest of Cheibriados.
             Slain by a bone dragon (7 damage)
             ... on level 1 of the Abyss.
             The game lasted 00:30:50 (9667 turns).

raphialitos the Cleaver (Minotaur Fighter)          Turns: 9667, Time: 00:30:51

Health: -2/95      AC: 19    Str: 33    XL:     11   Next: 63%
Magic:  5/10       EV: 10    Int: 18    God:    Cheibriados [*****.]
Gold:   360        SH: 14    Dex: 23    Spells: 10/10 levels left

rFire    + . .     SeeInvis .   H - +3 war axe (venom)
rCold    . . .     Gourm    .   c - +0 kite shield
rNeg     . . .     Faith    .   D - +1 plate armour
rPois    .         Spirit   .   (helmet restricted)
rElec    .         Reflect  .   (no cloak)
rCorr    .         Harm     .   b - +1 pair of gloves
MR       .....                  e - +0 pair of boots
Stlth    ..........             (no amulet)
HPRegen  0.25/turn              y - ring of protection from cold
MPRegen  0.12/turn              K - ring of fire

@: very slow
A: retaliatory headbutt, horns 2, [weak 2], [subdued magic 2]
a: Bend Time, Temporal Distortion, Slouch, Step From Time, Renounce Religion


You were on level 1 of the Abyss.
You worshipped Cheibriados.
Cheibriados was extremely pleased with you.
You were hungry.

You visited 3 branches of the dungeon, and saw 11 of its levels.
You visited the Abyss 1 time.
You also visited: Ossuary.

You collected 483 gold pieces.
You spent 123 gold pieces at shops.

Inventory:

Hand Weapons
 a - a +1 halberd of protection
 H - a +3 war axe of venom (weapon)
 M - a +3 falchion
Missiles
 i - 14 boomerangs
 m - 27 bolts
 n - 8 atropa-tipped darts (quivered)
 p - 2 javelins
 q - 211 arrows
 s - 100 sling bullets
 S - 8 curare-tipped darts
 T - 11 poisoned darts
Armour
 b - a +1 pair of gloves (worn)
 c - a +0 kite shield (worn)
 e - a +0 pair of boots (worn)
 D - a +1 plate armour (worn)
Jewellery
 y - a ring of protection from cold (left hand)
 K - a ring of fire (right hand)
Wands
 g - a wand of paralysis (10)
 u - a wand of iceblast (6)
 F - a wand of acid (18)
 L - a wand of digging (6)
 O - a wand of flame (17)
Scrolls
 h - 2 scrolls of magic mapping
 j - 2 scrolls of fog
 k - 7 scrolls of remove curse
 l - 3 scrolls of teleportation
 r - a scroll of fear
 v - 2 scrolls of amnesia
 I - 2 scrolls of immolation
 N - a scroll of enchant armour
 P - a scroll of blinking
 R - 2 scrolls of identify
Potions
 d - 6 potions of might
 o - 4 potions of flight
 t - a potion of invisibility {unknown}
 w - 2 potions of stabbing
 x - 3 potions of curing
 z - a potion of cancellation
 B - 2 potions of mutation
 C - 3 potions of lignification
 E - 2 potions of resistance
 G - a potion of brilliance {unknown}
 Q - a potion of magic {unknown}
Comestibles
 f - 21 rations


   Skills:
 + Level 8.8 Fighting
 + Level 6.4 Long Blades
 + Level 11.8(12.4) Axes
   Level 6.2(9.9) Maces & Flails
 + Level 10.3 Armour
 + Level 3.4 Dodging
 + Level 1.9 Stealth
 + Level 10.6 Shields
 + Level 0.4 Evocations


You had 10 spell levels left.
You didn't know any spells.
Your spell library contained the following spells:

 Spells                   Type           Power        Failure   Level  Hunger
 Animate Skeleton         Necr           N/A          89%         1    ##.....
 Apportation              Tloc           #.....       89%         1    ##.....
 Corona                   Hex            #......      89%         1    ##.....
 Summon Small Mammal      Summ           #...         89%         1    ##.....


Dungeon Overview and Level Annotations

Branches:
Dungeon (8/15)             Temple (1/1) D:4            Lair (2/6) D:8
Ossuary (visited)
  Swamp: Lair:2-4    Shoals: Lair:2-4     Snake: Lair:2-4    Spider: Lair:2-4

Altars:
Ashenzari
Cheibriados
Dithmenos
Elyvilon
Fedhas
Gozag
Hepliaklqana
Kikubaaqudgha
Makhleb
Nemelex Xobeh
Okawaru
Qazlal
Ru
Sif Muna
Trog
Uskayaw
Vehumet
Wu Jian
Xom
Yredelemnul
Zin
The Shining One

Shops:
D:6 (   D:7 :

Annotations:
Lair:2 Sonja


Innate Abilities, Weirdness & Mutations

You reflexively headbutt those who attack you in melee.
You have a pair of horns on your head.
[You are very weak. (Str -4)]
[Your spells are easier to cast, but less powerful.]


Message History

* * * LOW HITPOINT WARNING * * *
The bone dragon tramples you.
* * * LOW HITPOINT WARNING * * *
You hold your ground!
You feel better.
The bone dragon bites you but does no damage.
The bone dragon claws you!
* * * LOW HITPOINT WARNING * * *
The bone dragon tramples you but does no damage.
You can feel time thicken for a moment.
You feel somewhat more hungry. You block the bone dragon's attack.
The bone dragon claws you but does no damage.
The bone dragon barely misses you.
You hit the bone dragon but do no damage.
The bone dragon is almost destroyed.
The bone dragon bites you!
* * * LOW HITPOINT WARNING * * *
The bone dragon claws you but does no damage.
The bone dragon tramples you!
You die...

. . .. ..
. . # # ##
. ## . #
.. # . #.
### .# #.
. #[. #.#
.. .#..
#.# . #.#
#..#$# ###
.. ###@#
#.....#.D#
. #....# #
###...# #
.# ##.##
#.. #. .
.#. ## .#
. .#. . #.
.. #


You could see a bone dragon.

Vanquished Creatures
  A hydra (Lair:1)
  A thrashing horror (Abyss:1)
  A large abomination (Abyss:1)
  A wretched star (Abyss:1)
  5 elephants (Lair:2)
  2 spiny frogs (Lair:1)
  A rime drake (Lair:2)
  2 komodo dragons (Lair:1)
  A hornet (D:8)
  A hippogriff (D:7)
  6 yaks
  A wraith (D:7)
  A wyvern (D:8)
  A hungry ghost (D:7)
  2 basilisks (Lair:1)
  Menkaure (D:4)
  A water moccasin (Lair:1)
  Duvessa (D:5)
  2 porcupines (Lair:1)
  A sky beast (D:6)
  2 ice beasts
  4 orc warriors
  2 black bears (Lair:1)
  2 ogres
  3 necrophages (D:8)
  A phantom (D:5)
  2 centaurs (D:8)
  A crocodile (Lair:1)
  A big kobold (D:8)
  2 bullfrogs
  A gnoll sergeant (D:6)
  Dowan (D:5)
  3 water moccasin zombies
  A scorpion (D:8)
  16 killer bees (D:8)
  8 wights
  An electric eel (Lair:2)
  A howler monkey (D:6)
  6 crimson imps
  6 human zombies (D:7)
  A quasit (D:7)
  A centaur zombie (D:5)
  4 hounds
  3 jellies
  3 orc priests
  6 orc wizards
  An iron imp (Abyss:1)
  Ijyb (D:3)
  An iguana (D:5)
  2 worker ants
  3 big kobold zombies (Ossuary)
  5 mummies
  A howler monkey zombie (D:8)
  11 gnolls
  12 adders
  A shadow imp (D:8)
  An ooze (D:2)
  An adder skeleton (D:7)
  6 adder zombies
  A worm (D:2)
  3 dart slugs
  A leopard gecko (D:3)
  19 orcs
  3 giant cockroaches
  A gnoll zombie (Ossuary)
  4 goblins
  6 hobgoblins
  10 jackals
  5 kobolds
  4 quokkas
  5 bats
  A frilled lizard (D:2)
  5 hobgoblin zombies (Ossuary)
  3 kobold zombies (Ossuary)
  4 orc zombies
  A quokka skeleton (D:4)
  5 rats
242 creatures vanquished.

Vanquished Creatures (others)
  4 fungi (D:2)
4 creatures vanquished.

Grand Total: 246 creatures vanquished

Notes
Turn   | Place    | Note
-------+----------+-------------------------------------------
     0 | D:1      | raphialitos the Minotaur Fighter began the quest for the
                  | Orb.
     0 | D:1      | Reached XP level 1. HP: 19/19 MP: 0/0
   845 | D:2      | Reached XP level 2. HP: 27/27 MP: 1/1
   926 | D:2      | Reached XP level 3. HP: 33/33 MP: 2/2
   949 | D:2      | Reached XP level 4. HP: 24/41 MP: 3/3
  1163 | D:2      | Found a blossoming altar of Fedhas.
  1209 | D:2      | Reached skill level 1 in Dodging
  1793 | D:3      | Reached XP level 5. HP: 42/47 MP: 4/4
  1923 | D:3      | Found a snail-covered altar of Cheibriados.
  1923 | D:3      | Found a shimmering altar of Xom.
  1923 | D:3      | Found a blossoming altar of Fedhas.
  2002 | D:3      | Noticed Ijyb
  2014 | D:3      | Killed Ijyb
  2014 | D:3      | Reached skill level 5 in Fighting
  2141 | D:3      | Found a white marble altar of Elyvilon.
  2747 | D:3      | Became a worshipper of Cheibriados the Contemplative
  2864 | D:4      | Noticed Menkaure
  2870 | D:4      | Killed Menkaure
  2870 | D:4      | Reached skill level 5 in Armour
  2870 | D:4      | Reached skill level 5 in Shields
  2870 | D:4      | Reached XP level 6. HP: 27/56 MP: 5/5
  2894 | D:4      | Found a staircase to the Ecumenical Temple.
  3200 | D:4      | Found a sand-covered staircase.
  3208 | Ossuary  | Entered an ossuary
  3367 | Ossuary  | Reached * piety under Cheibriados
  3420 | Ossuary  | Reached skill level 5 in Long Blades
  3429 | Ossuary  | Reached XP level 7. HP: 43/61 MP: 6/6
  4235 | Temple   | Entered the Ecumenical Temple
  4503 | D:5      | Entered Level 5 of the Dungeon
  4645 | D:5      | Reached ** piety under Cheibriados
  4645 | D:5      | Reached skill level 1 in Maces & Flails
  4755 | D:5      | Noticed Duvessa
  4755 | D:5      | Noticed Dowan
  4764 | D:5      | Killed Duvessa
  4768 | D:5      | Killed Dowan
  4768 | D:5      | Reached XP level 8. HP: 67/69 MP: 7/7
  5046 | D:5      | Found a burning altar of Makhleb.
  5203 | D:6      | Found Baamnesch's Antique Weapon Emporium.
  5216 | D:6      | Bought a glowing war axe for 123 gold pieces
  5316 | D:6      | Reached skill level 5 in Maces & Flails
  5331 | D:6      | Reached skill level 1 in Axes
  5332 | D:6      | Found a white marble altar of Elyvilon.
  5333 | D:6      | Reached *** piety under Cheibriados
  5972 | D:7      | Noticed a hippogriff
  5977 | D:7      | Killed a hippogriff
  5977 | D:7      | Reached skill level 2 in Axes
  5977 | D:7      | Reached XP level 9. HP: 74/75 MP: 8/8
  6090 | D:7      | Found Warack's Book Shop.
  6110 | D:7      | Reached skill level 3 in Axes
  6237 | D:7      | Reached skill level 4 in Axes
  6388 | D:7      | Found a basalt altar of Yredelemnul.
  6468 | D:7      | Reached skill level 5 in Axes
  6925 | D:8      | Reached skill level 6 in Axes
  6957 | D:8      | Reached **** piety under Cheibriados
  7101 | D:8      | Reached skill level 7 in Axes
  7214 | D:8      | Found a staircase to the Lair.
  7272 | D:8      | Reached XP level 10. HP: 84/84 MP: 9/9
  7279 | D:8      | Reached skill level 1 in Stealth
  7457 | D:8      | Reached skill level 8 in Axes
  7458 | D:8      | Reached ***** piety under Cheibriados
  7728 | D:8      | Paralysed by a wight for 6 turns
  7992 | D:8      | Reached skill level 9 in Axes
  8215 | Lair:1   | Entered Level 1 of the Lair of Beasts
  8307 | Lair:1   | Noticed a five-headed hydra
  8321 | Lair:1   | Killed an eight-headed hydra
  8629 | Lair:1   | Reached skill level 10 in Axes
  8662 | Lair:1   | Noticed a spiny frog
  8666 | Lair:1   | Killed a spiny frog
  8666 | Lair:1   | Reached XP level 11. HP: 94/94 MP: 10/10
  8773 | Lair:1   | Reached skill level 10 in Shields
  9161 | Lair:2   | Reached skill level 11 in Axes
  9226 | Lair:2   | Reached skill level 10 in Armour
  9287 | Lair:2   | Noticed Sonja
  9294 | Lair:2   | Cast into level 1 of the Abyss (Sonja)
  9386 | Abyss:1  | Noticed a thrashing horror
  9395 | Abyss:1  | Killed a thrashing horror
  9581 | Abyss:1  | Noticed a large abomination
  9587 | Abyss:1  | Killed a large abomination
  9638 | Abyss:1  | Noticed a wretched star
  9643 | Abyss:1  | Noticed a bone dragon
  9649 | Abyss:1  | Killed a wretched star
  9667 | Abyss:1  | Slain by a bone dragon

Illustrated notes

Levels and vault maps discovered:
D:1:      lemuel_arrival_funnel, layout_basic
D:2:      layout_loops_ring, first_ration, fedhas_altar_3
D:3:      layout_loops_corners, lemuel_doored_altar,
          gammafunk_temple_overflow_claw, uniq_ijyb
D:4:      layout_loops_corners, temple_doors_ab, nicolae_ossuary_entry_monument,
          uniq_menkaure
D:5:      layout_rooms, lemuel_coloured_pillars_altar, uniq_duvessa
D:6:      layout_loops_cross, serial_shops, shop, st_stairs_6, elyvilon_altar_5
D:7:      layout_basic, serial_shops, shop_fountains,
          lemuel_mausoleum_altar_yredelemnul
D:8:      layout_basic, lair_entry_dummy, serial_undead, serial_undead_c,
          serial_undead_c, serial_undead_a, serial_undead_a, serial_undead_a,
          serial_undead_a, serial_undead_b, serial_undead_e, blue_anna_alchemist
          [blue_anna_fruit_fields, blue_anna_fruit_fields], minmay_bent
Temple:   minmay_temple_bridge_d
Lair:1:   layout_roguey, lemuel_fruit_fields
Lair:2:   layout_regular_city, minmay_snake_entry_guardpost_small,
          enter_volcano_3, serial_bayou_shore_a, grunt_megastairs_5, uniq_sonja
Abyss:1:  base: D:12, hangedman_steaming_rock

Skill      XL: |  1  2  3  4  5  6  7  8  9 10 11 |
---------------+----------------------------------+-----
Fighting       | 4 5 6 7 8 |  8.8
Armour         | 4 5 6 7 8 9 10 | 10.3
Shields        | 4 5 6 7 9 10 | 10.6
Long Blades    | 3 4 5 6 |  6.4
Dodging        | 1 2 3 |  3.4
Maces & Flails | 3 6 |  6.2
Axes           | 2 7 10 11 | 11.8
Stealth        | 1 |  1.9
Evocations     | |  0.4

Action                   |  1- 3 |  4- 6 |  7- 9 | 10-12 || total
-------------------------+-------+-------+-------+-------++-------
Melee: Long sword        |    60 |   163 |    15 |       ||   238
       Headbutt          |    10 |    29 |    80 |    77 ||   196
       Morningstar       |       |       |    79 |       ||    79
       War axe           |       |       |   157 |   165 ||   322
Invok: Slouch            |       |       |       |     1 ||     1
Evoke: Wand              |       |       |     1 |     3 ||     4
  Use: Scroll            |     3 |       |    16 |     5 ||    24
       Potion            |       |       |       |     2 ||     2
  Eat: Chunk             |       |     7 |     9 |     3 ||    19
Armor: Scale mail        |    33 |    65 |     2 |       ||   100
       Plate armour      |       |       |   151 |   102 ||   253
Dodge: Dodged            |    15 |    48 |    85 |    61 ||   209
Block: Kite shield       |    26 |    78 |   192 |   155 ||   451
       Rpst.: Long sword |     3 |    10 |     2 |       ||    15
